 Dungeon Crawl Stone Soup version 0.26-a0-639-g72c4674329 (webtiles) character file.

Game seed: 860366409284343614

1 Lanoc the Charlatan (level 1, 0/9 HPs)
             Began as a Vine Stalker Artificer on Sept 28, 2020.
             Slain by an adder (3 damage)
             ... on level 2 of the Dungeon.
             The game lasted 00:00:14 (141 turns).

Lanoc the Charlatan (Vine Stalker Artificer)         Turns: 141, Time: 00:00:15

Health: 0/9        AC:  3    Str: 14    XL:     1   Next: 20%
Magic:  0/2        EV: 11    Int: 11    God:
Gold:   0          SH:  0    Dex: 14    Spells: 0/0 levels left

rFire    . . .     SeeInvis .   a - +0 club
rCold    . . .     Faith    .   (no shield)
rNeg     . . .     Spirit   +   b - +0 leather armour
rPois    .         Reflect  .   (no helmet)
rElec    .         Harm     .   (no cloak)
rCorr    .         Rampage  .   (no gloves)
MR       .....                  (no boots)
Stlth    ++........             (no amulet)
HPRegen  0.03/turn              (no ring)
MPRegen  0.08/turn              (no ring)

@: no status effects
A: fangs 2, magic shield, antimagic bite, no potion heal 3, rot immunity
a: no special abilities


You were on level 2 of the Dungeon.
You visited 1 branch of the dungeon, and saw 2 of its levels.

Inventory:

Hand Weapons
 a - a +0 club (weapon)
Armour
 b - a +0 leather armour (worn)
Wands
 c - a wand of flame (15)
 d - a wand of enslavement (15)
 e - a wand of random effects (15)
Scrolls
 f - a scroll of teleportation {unknown}
 h - a scroll of immolation {unknown}
Potions
 g - a potion of degeneration {unknown}


   Skills:
 + Level 0.9 Fighting
 + Level 1.5 Armour
 + Level 0.7 Dodging
 - Level 1.2 Stealth
 * Level 2.7 Evocations


You couldn't memorise any spells.
You didn't know any spells.
Your spell library was empty.

Dungeon Overview and Level Annotations

Branches:
Dungeon (2/15)

Altars:


Innate Abilities, Weirdness & Mutations

You have extremely sharp teeth.
When hurt, damage is shared between your health and your magic reserves.
Your bite disrupts and absorbs the magic of your enemies.
Potions cannot restore your health.
You are immune to rotting.


Message History

The adder bites you but does no damage. The adder completely misses you.
You barely miss the adder. Your bite misses the adder.
The adder is heavily wounded.
The adder bites you.
You hit the adder. Your bite misses the adder.
The adder is heavily wounded.
The adder misses you. The adder bites you but does no damage.
You miss the adder. Your bite misses the adder.
The adder is heavily wounded.
The adder bites you.
Ouch! That really hurt!
The adder bites you but does no damage.
You are too injured to fight recklessly!
You barely miss the adder. Your bite misses the adder.
The adder is heavily wounded.
The adder barely misses you.
You barely miss the adder. Your bite misses the adder.
The adder is heavily wounded.
The adder bites you.
You die...

#.#.#.###.#.#.#.#
#.#.#.# #.#.#.#.#
#.#...# #..^#.#.#
#.###########.#.#
#.............#.#
###############.#
#............#
###.##.############
........@S...>..
####.##.#.##.### #
#.#.# #.#.# #.#.#
#.#.. #.### #.


You could see an adder.

Vanquished Creatures
  2 rats (D:2)
2 creatures vanquished.

Notes
Turn   | Place    | Note
-------+----------+-------------------------------------------
     0 | D:1      | Lanoc the Vine Stalker Artificer began the quest for the
                  | Orb.
     0 | D:1      | Reached XP level 1. HP: 9/9 MP: 2/2
   141 | D:2      | Slain by an adder

Illustrated notes

Levels and vault maps discovered:
D:1:      wander_arrival_peaceful_grave, layout_rooms
D:2:      layout_basic, serial_corexii_hall, chequers_hall_statues_corner_a,
          corexii_hall_statues_i, lightli_corner_chamber

Action                   || total
-------------------------++-------
Melee: Club              ||    10
       Bite              ||     2
Armor: Leather armour    ||     4
Dodge: Dodged            ||     5

Table legend: (Time is in decaauts)
 A = Elapsed time spent in this place.
 B = Non-inter-level travel time spent in this place.
 C = Inter-level travel time spent in this place.
 D = Time resting spent in this place.
 E = Time spent auto-exploring this place.
 F = Levels seen in this place.
 G = Mean time per level.
                   A        B        C        D        E       F      G
               +--------+--------+--------+--------+--------+-----+--------+
         Total |    143 |    139 |      4 |      0 |    117 |   2 |   71.5 |
       Dungeon |    143 |    139 |      4 |      0 |    117 |   2 |   71.5 |
               +--------+--------+--------+--------+--------+-----+--------+

Top non-repeatable levels by time:
     D:2: 110 daAuts
     D:1: 33 daAuts
